 Dungeon Crawl Stone Soup version 0.31-a0-176-g91f28db67f (webtiles) character file.

Game seed: 14426895246195797835

9235 qw the Cleaver (level 11, -5/71 HPs)
             Began as a Gargoyle Fighter on June 17, 2023.
             Was a Priest of Okawaru.
             Slain by a minotaur (7 damage)
             ... in a Gauntlet.
             The game lasted 00:04:45 (7809 turns).

qw the Cleaver (Gargoyle Fighter)                   Turns: 7809, Time: 00:04:45

Health: -5/71      AC: 24    Str: 24    XL:     11   Next: 43%
Magic:  13/14      EV: 11    Int:  9    God:    Okawaru [***...]
Gold:   511        SH:  6    Dex:  9    Spells: 10/10 levels left

rFire   + . .        m - +2 war axe
rCold   + . .        c - +0 buckler
rNeg    + . .        n - +0 chain mail
rPois   inf          (no helmet)
rElec   +            o - +0 cloak
rCorr   .            g - +1 pair of gloves
SInv    +            (no boots)
Will    +....        k - amulet of regeneration Stlth
                     u - ring of see invisible
HPRegen 1.11/turn    t - ring of Looti {rF+ rC+ Will+}
MPRegen 0.14/turn

%: no teleportation
@: heroic
A: sickness immunity, AC +8, negative energy resistance 1, electricity
resistance, torment resistance 1, petrification resistance
a: Renounce Religion, Heroism


You were in a Gauntlet.
You worshipped Okawaru.
Okawaru was most pleased with you.
You visited 3 branches of the dungeon, and saw 11 of its levels.
You also visited: Gauntlet.

You collected 616 gold pieces.
You spent 105 gold pieces at shops.


Innate Abilities, Weirdness & Mutations

You are immune to sickness and miasma.
Your stone body is resilient. (AC +8)
You are immune to poison.
You resist negative energy. (rN+)
You are resistant to electric shocks. (rElec)
You are resistant to unholy torment.
You are immune to petrification.


   Skills:
 - Level 9.2(14.2) Fighting
 - Level 12.0(17.0) Axes
 - Level 1.1(6.1) Throwing
 - Level 7.0(12.0) Armour
 - Level 3.3(8.3) Dodging
 + Level 5.0(10.0) Shields
 - Level 4.0 Invocations


You had 10 spell levels left.
You didn't know any spells.
Your spell library was empty.

Inventory:

Hand Weapons
 j - a +0 flail
 m - a +2 war axe (weapon)
 r - a +2 flail of draining
Missiles
 p - 6 boomerangs (quivered)
Armour
 c - a +0 buckler (worn)
 g - a +1 pair of gloves (worn)
 n - a +0 chain mail (worn)
 o - a +0 cloak (worn)
Jewellery
 k - an amulet of regeneration (around neck)
 t - the ring of Looti (right hand) {rF+ rC+ Will+}
   (You found it in a Gauntlet)

   [ring of protection from fire]

   rF:        It protects you from fire.
   rC:        It protects you from cold.
   Will:      It increases your willpower.
 u - a ring of see invisible (left hand)
 Y - a +6 ring of dexterity
Scrolls
 e - 2 scrolls of identify
 s - a scroll of teleportation
Potions
 a - a potion of resistance
 d - a potion of might
 f - a potion of lignification
 h - 2 potions of enlightenment
 i - 2 potions of haste
 l - 3 potions of mutation
 q - a potion of curing

Dungeon Overview and Level Annotations

Branches:
Dungeon (9/15)             Temple (1/1) D:6            Lair (1/5) D:9
Gauntlet (1/1)
    Orc: D:9-12

Altars:
Ashenzari
Cheibriados
Dithmenos
Elyvilon
Fedhas
Gozag
Hepliaklqana
Kikubaaqudgha
Makhleb
Nemelex Xobeh
Okawaru
Qazlal
Ru
Sif Muna
Uskayaw
Vehumet
Wu Jian
Xom
Yredelemnul
Zin
The Shining One

Shops:
D:6 :   D:7 *

Annotations:
D:3 1 runed translucent door, Crazy Yiuf
D:8 1 runed translucent door, qw's ghost, novice GrHu Gauntlet 10 transporters


Message History

Enter note:
Enter note:
7793 ||| Stepping ~*~*~tactically~*~*~ (hiding).
You start waiting.
A minotaur is nearby!
7798 ||| INVOKING Heroism.
You gain the combat prowess of a mighty hero.
You hit the minotaur but do no damage. The minotaur hits you!!
The minotaur gores you.
You hit the minotaur but do no damage. The minotaur completely misses you.
You block the minotaur's attack.
You slash the minotaur!
The minotaur is lightly wounded.
The minotaur hits you but does no damage.
The minotaur gores you.
You hit the minotaur but do no damage.
The minotaur is lightly wounded.
You hit the minotaur but do no damage.
The minotaur is lightly wounded.
The minotaur hits you!! The minotaur barely misses you.
You closely miss the minotaur.
The minotaur is lightly wounded.
The minotaur hits you! The minotaur misses you.
7805 ||| DRINKING potion of heal wounds.
You feel much better. The minotaur hits you!
The minotaur gores you but does no damage.
You closely miss the minotaur.
The minotaur is lightly wounded.
You block the minotaur's attack.
The minotaur gores you but does no damage.
You hit the minotaur but do no damage.
The minotaur is lightly wounded.
You slash the minotaur!
The minotaur is moderately wounded.
The minotaur hits you!! The minotaur gores you.
You slash the minotaur!
The minotaur is moderately wounded.
The minotaur hits you! The minotaur gores you!
You die...

#
...............~#
#8# #
.8.8.8.8.8.8.8.8#
###
...............~#
#######.#########
#.............#
#.###########.#
#.# .H......#.#
#.# #H#.# #.#
##@#.# #.# #..###
#.## #.##
#..#.#####.#
##.#.......#
#.####.####.#
#...........#
#############


You could see a minotaur.

Vanquished Creatures
  A dire elephant (Gauntlet)
  An elephant (Gauntlet)
  An apocalypse crab (Gauntlet)
  A cane toad (Lair:1)
  Grinder (D:3)
  3 hornets (Gauntlet)
  5 blink frogs (Lair:1)
  Sigmund (D:2)
  2 wyverns
  11 yaks
  4 steam dragons
  Menkaure (D:7)
  2 wargs (D:9)
  2 water moccasins (Lair:1)
  2 orc warriors
  A sky beast (D:6)
  4 centaurs
  An ogre (D:6)
  A phantom (D:5)
  3 kobold brigands
  Blork the orc (D:6)
  A gnoll sergeant (D:5)
  A bullfrog (D:8)
  4 scorpions
  5 wights (D:7)
  6 killer bees (D:9)
  5 hounds
  5 orc priests
  A jelly (D:4)
  Terence (D:2)
  4 iguanas
  10 orc wizards
  A mummy (D:5)
  7 adders
  5 gnolls (D:5)
  A white imp (D:5)
  2 ufetubi
  A worm (D:3)
  2 dart slugs (D:4)
  24 orcs
  7 ball pythons
  6 endoplasms
  7 giant cockroaches
  6 goblins
  3 hobgoblins
  4 jackals (D:1)
  21 kobolds
  8 quokkas
  6 bats
  7 frilled lizards
  2 orc zombies (D:5)
  3 rats
215 creatures vanquished.

Notes
Turn   | Place    | Note
-------+----------+-------------------------------------------
     0 | D:1      | qw the Gargoyle Fighter began the quest for the Orb.
     0 | D:1      | Reached XP level 1. HP: 14/14 MP: 1/1
     0 | D:1      | 0 ||| qw: Version: 0.3-a-5-g6f28e65
     0 | D:1      | 0 ||| qw: Game counter: 461
     0 | D:1      | 0 ||| qw: Always use a shield: true
     0 | D:1      | 0 ||| qw: God list: Okawaru
     0 | D:1      | 0 ||| qw: Allow faded altars: false
     0 | D:1      | 0 ||| qw: Do Orc after D:15 true
     0 | D:1      | 0 ||| qw: Do second Lair branch before Depths: true
     0 | D:1      | 0 ||| qw: Lair rune preference: random
     0 | D:1      | 0 ||| qw: Plans: Normal, Zot:1-4, Slime:5, God:TSO, Crypt,
                  | Tomb, Abyss, Pan, Hells, Win
     0 | D:1      | 0 ||| PLANNING D:1-11
    31 | D:1      | Reached skill level 2 in Axes
   116 | D:1      | 116 ||| Stepping ~*~*~tactically~*~*~ (stealth).
   124 | D:1      | Reached XP level 2. HP: 19/19 MP: 2/2
   172 | D:1      | Found a faded altar of an unknown god.
   416 | D:1      | Reached skill level 3 in Axes
   452 | D:1      | Reached XP level 3. HP: 23/23 MP: 3/3
   626 | D:1      | 626 ||| Stepping ~*~*~tactically~*~*~ (hiding).
   628 | D:1      | 628 ||| Stepping ~*~*~tactically~*~*~ (hiding).
  1182 | D:1      | 1182 ||| READING scroll labelled ILESHR WYLULADGH.
  1201 | D:1      | Found a broken altar of Ashenzari.
  1203 | D:1      | 1203 ||| READING scroll labelled VOMATW KANYA.
  1277 | D:2      | 1277 ||| Stepping ~*~*~tactically~*~*~ (stealth).
  1319 | D:2      | Identified the +7 trident "Ogeba" {freeze, Dex+4}
  1338 | D:2      | 1338 ||| Stepping ~*~*~tactically~*~*~ (stealth).
  1339 | D:2      | 1339 ||| Stepping ~*~*~tactically~*~*~ (stealth).
  1457 | D:2      | Reached XP level 4. HP: 27/28 MP: 4/4
  1528 | D:2      | Noticed Sigmund
  1529 | D:2      | 1529 ||| Stepping ~*~*~tactically~*~*~ (hiding).
  1530 | D:2      | 1530 ||| Stepping ~*~*~tactically~*~*~ (hiding).
  1549 | D:2      | Killed Sigmund
  1550 | D:2      | Reached skill level 5 in Axes
  1550 | D:2      | Reached XP level 5. HP: 13/32 MP: 5/5
  1755 | D:2      | Noticed Terence
  1765 | D:2      | Killed Terence
  1766 | D:2      | Reached XP level 6. HP: 25/38 MP: 6/6
  1824 | D:2      | 1824 ||| DROPPING +0 club.
  1825 | D:2      | 1825 ||| UPGRADING to amulet of regeneration.
  1830 | D:2      | 1830 ||| UPGRADING to +6 ring of dexterity.
  1831 | D:2      | 1831 ||| READING scroll labelled ANLOBE DOHOPI.
  1832 | D:2      | 1832 ||| READING 3 scrolls labelled YPO MUHIUFI.
  1833 | D:2      | 1833 ||| READING scroll labelled NAUGOS ICHOR.
  1834 | D:2      | 1834 ||| DRINKING 2 metallic ruby potions.
  1844 | D:2      | 1844 ||| DRINKING 2 fuming amethyst potions.
  1845 | D:2      | 1845 ||| READING 2 scrolls of identify.
  1845 | D:2      | 1845 ||| IDENTIFYING amethyst potion
  1846 | D:2      | 1846 ||| DROPPING potion of ambrosia.
  1880 | D:3      | 1880 ||| Stepping ~*~*~tactically~*~*~ (stealth).
  1999 | D:3      | Found a glowing golden altar of the Shining One.
  2153 | D:3      | Found a runed translucent door.
  2154 | D:3      | Noticed Crazy Yiuf
  2237 | D:3      | Reached skill level 1 in Dodging
  2270 | D:3      | Noticed Grinder
  2292 | D:3      | Killed Grinder
  2293 | D:3      | Reached XP level 7. HP: 29/44 MP: 7/7
  2359 | D:3      | 2359 ||| UPGRADING to +1 pair of gloves.
  2364 | D:3      | 2364 ||| READING scroll labelled MAICLEKHLET.
  2697 | D:4      | 2697 ||| Stepping ~*~*~tactically~*~*~ (hiding).
  2746 | D:4      | Found a shimmering altar of Xom.
  2897 | D:4      | 2897 ||| Stepping ~*~*~tactically~*~*~ (hiding).
  3228 | D:4      | 3228 ||| Stepping ~*~*~tactically~*~*~ (stealth).
  3230 | D:4      | 3230 ||| Stepping ~*~*~tactically~*~*~ (hiding).
  3466 | D:4      | 3466 ||| READING 4 scrolls of identify.
  3466 | D:4      | 3466 ||| IDENTIFYING black potion
  3467 | D:4      | 3467 ||| READING 3 scrolls of identify.
  3467 | D:4      | 3467 ||| IDENTIFYING white potion
  3468 | D:4      | 3468 ||| READING 2 scrolls of identify.
  3468 | D:4      | 3468 ||| IDENTIFYING sapphire potion
  3469 | D:4      | 3469 ||| DROPPING potion of brilliance.
  3502 | D:5      | Entered Level 5 of the Dungeon
  3503 | D:5      | 3503 ||| PLANNING OSSUARY
  3557 | D:5      | Reached skill level 6 in Axes
  3599 | D:5      | Found a sacrificial altar of Ru.
  3664 | D:5      | 3664 ||| Stepping ~*~*~tactically~*~*~ (stealth).
  3665 | D:5      | 3665 ||| READING scroll labelled USKIACSOEDD.
  3666 | D:5      | 3666 ||| READING scroll labelled JAN EDGHUTUGOI.
  3694 | D:5      | 3694 ||| Stepping ~*~*~tactically~*~*~ (stealth).
  3695 | D:5      | 3695 ||| DROPPING +0 mace.
  3717 | D:5      | Reached skill level 7 in Axes
  3838 | D:5      | Reached XP level 8. HP: 50/50 MP: 8/8
  3964 | D:5      | 3964 ||| Stepping ~*~*~tactically~*~*~ (hiding).
  3966 | D:5      | 3966 ||| Stepping ~*~*~tactically~*~*~ (hiding).
  4065 | D:5      | Found a sand-covered staircase.
  4072 | D:5      | 4072 ||| READING scroll labelled LUEMMA BAJA.
  4073 | D:5      | 4073 ||| READING scroll labelled YRHAOWKE DOXT.
  4078 | D:5      | 4078 ||| READING scroll labelled ORICOI UCWUYLOJ.
  4079 | D:5      | 4079 ||| READING 2 scrolls of identify.
  4079 | D:5      | 4079 ||| IDENTIFYING fuming cyan potion
  4095 | D:5      | 4095 ||| RIP OSSUARY
  4102 | D:5      | 4102 ||| PLANNING D:1-11
  4173 | D:5      | 4173 ||| Stepping ~*~*~tactically~*~*~ (stealth).
  4259 | D:6      | 4259 ||| Stepping ~*~*~tactically~*~*~ (stealth).
  4260 | D:6      | 4260 ||| Stepping ~*~*~tactically~*~*~ (stealth).
  4367 | D:6      | Found a staircase to the Ecumenical Temple.
  4368 | D:6      | 4368 ||| PLANNING TEMPLE
  4390 | D:6      | Reached skill level 8 in Axes
  4426 | D:6      | HP: 6/50 [ogre/+0 giant spiked club (21)]
  4428 | D:6      | Reached skill level 6 in Fighting
  4477 | Temple   | Entered the Ecumenical Temple
  4478 | Temple   | 4478 ||| PLANNING OKAWARU WORSHIP
  4519 | Temple   | Became a worshipper of Warmaster Okawaru
  4520 | Temple   | 4520 ||| PLANNING D:1-11
  4540 | D:6      | Noticed Blork the orc
  4542 | D:6      | Found Caip's Book Emporium.
  4551 | D:6      | Killed Blork the orc
  4671 | D:6      | Found a stormy altar of Qazlal.
  4673 | D:6      | Found a snail-covered altar of Cheibriados.
  4691 | D:6      | 4691 ||| Stepping ~*~*~tactically~*~*~ (cloud).
  4708 | D:6      | Reached skill level 9 in Axes
  4708 | D:6      | Reached XP level 9. HP: 55/55 MP: 9/9
  4850 | D:6      | 4850 ||| UPGRADING to +0 chain mail.
  4860 | D:6      | 4860 ||| DROPPING +0 scale mail.
  4861 | D:6      | 4861 ||| READING 2 scrolls of identify.
  4861 | D:6      | 4861 ||| IDENTIFYING sedimented orange potion
  4862 | D:6      | 4862 ||| DROPPING potion of invisibility.
  4903 | D:7      | 4903 ||| Stepping ~*~*~tactically~*~*~ (stealth).
  5007 | D:7      | Found Abopsoit's General Store.
  5014 | D:7      | 5014 ||| BUYING potion of heal wounds (75 gold).
  5014 | D:7      | Bought a potion of heal wounds for 75 gold pieces
  5014 | D:7      | 5014 ||| BUYING scroll of identify (30 gold).
  5014 | D:7      | Bought a scroll of identify for 30 gold pieces
  5177 | D:7      | Noticed Menkaure
  5179 | D:7      | 5179 ||| Stepping ~*~*~tactically~*~*~ (hiding).
  5187 | D:7      | Killed Menkaure
  5284 | D:7      | Reached * piety under Okawaru
  5285 | D:7      | 5285 ||| INVOKING Heroism.
  5479 | D:7      | 5479 ||| Stepping ~*~*~tactically~*~*~ (stealth).
  5481 | D:7      | 5481 ||| Stepping ~*~*~tactically~*~*~ (hiding).
  5627 | D:7      | 5627 ||| UPGRADING to +0 cloak.
  5632 | D:7      | 5632 ||| READING scroll labelled YWKOER SIDD.
  5633 | D:7      | 5633 ||| READING 2 scrolls of identify.
  5633 | D:7      | 5633 ||| IDENTIFYING metallic yellow potion
  5634 | D:7      | 5634 ||| DROPPING potion of berserk rage.
  5724 | D:8      | Reached skill level 1 in Invocations
  5726 | D:8      | Found a runed translucent door.
  5726 | D:8      | Found a shimmering altar of Xom.
  5726 | D:8      | Noticed qw's ghost (novice GrHu)
  5727 | D:8      | Noticed a +4 mace of chaos
  5740 | D:8      | 5740 ||| Stepping ~*~*~tactically~*~*~ (stealth).
  5741 | D:8      | 5741 ||| Stepping ~*~*~tactically~*~*~ (stealth).
  5743 | D:8      | 5743 ||| INVOKING Heroism.
  5772 | D:8      | Found a broken altar of Ashenzari.
  5796 | D:8      | 5796 ||| INVOKING Heroism.
  5802 | D:8      | 5802 ||| Stepping ~*~*~tactically~*~*~ (stealth).
  5805 | D:8      | 5805 ||| Stepping ~*~*~tactically~*~*~ (stealth).
  5815 | D:8      | 5815 ||| INVOKING Heroism.
  5817 | D:8      | 5817 ||| Stepping ~*~*~tactically~*~*~ (hiding).
  5818 | D:8      | 5818 ||| Stepping ~*~*~tactically~*~*~ (hiding).
  5819 | D:8      | 5819 ||| Stepping ~*~*~tactically~*~*~ (hiding).
  5820 | D:8      | 5820 ||| Stepping ~*~*~tactically~*~*~ (hiding).
  5985 | D:8      | Reached skill level 1 in Throwing
  6039 | D:8      | 6039 ||| READING scroll labelled QIEBLOMENE.
  6123 | D:9      | 6123 ||| READING scroll of enchant weapon.
  6123 | D:9      | 6123 ||| ENCHANTING +1 war axe.
  6155 | D:9      | 6155 ||| Stepping ~*~*~tactically~*~*~ (cloud).
  6157 | D:9      | 6157 ||| Stepping ~*~*~tactically~*~*~ (cloud).
  6159 | D:9      | 6159 ||| INVOKING Heroism.
  6160 | D:9      | 6160 ||| Stepping ~*~*~tactically~*~*~ (cloud).
  6208 | D:9      | 6208 ||| Stepping ~*~*~tactically~*~*~ (hiding).
  6218 | D:9      | 6218 ||| INVOKING Heroism.
  6229 | D:9      | Reached skill level 10 in Axes
  6229 | D:9      | 6229 ||| Stepping ~*~*~tactically~*~*~ (hiding).
  6243 | D:9      | Reached XP level 10. HP: 36/63 MP: 11/11
  6243 | D:9      | 6243 ||| INVOKING Heroism.
  6289 | D:9      | Found a staircase to the Lair.
  6318 | D:9      | 6318 ||| Stepping ~*~*~tactically~*~*~ (stealth).
  6338 | D:9      | 6338 ||| Stepping ~*~*~tactically~*~*~ (stealth).
  6344 | D:9      | 6344 ||| INVOKING Heroism.
  6396 | D:9      | 6396 ||| Stepping ~*~*~tactically~*~*~ (hiding).
  6464 | D:9      | 6464 ||| Stepping ~*~*~tactically~*~*~ (cloud).
  6467 | D:9      | 6467 ||| Stepping ~*~*~tactically~*~*~ (hiding).
  6468 | D:9      | 6468 ||| Stepping ~*~*~tactically~*~*~ (hiding).
  6471 | D:9      | 6471 ||| INVOKING Heroism.
  6476 | D:9      | 6476 ||| Stepping ~*~*~tactically~*~*~ (cloud).
  6630 | D:9      | 6630 ||| Stepping ~*~*~tactically~*~*~ (stealth).
  6634 | D:9      | Reached skill level 3 in Invocations
  6650 | D:9      | 6650 ||| INVOKING Heroism.
  6691 | D:9      | 6691 ||| Stepping ~*~*~tactically~*~*~ (hiding).
  6697 | D:9      | 6697 ||| Stepping ~*~*~tactically~*~*~ (hiding).
  6718 | D:9      | 6718 ||| Stepping ~*~*~tactically~*~*~ (stealth).
  6733 | D:9      | Found an ancient bone altar of Kikubaaqudgha.
  6735 | D:9      | Found a shimmering blue altar of Sif Muna.
  6748 | D:9      | Found a radiant altar of Vehumet.
  6840 | D:9      | Reached ** piety under Okawaru
  6895 | D:9      | Found a hazy altar of Hepliaklqana.
  6934 | D:9      | 6934 ||| PLANNING LAIR
  6934 | D:9      | 6934 ||| READING 3 scrolls of identify.
  6934 | D:9      | 6934 ||| IDENTIFYING viscous emerald potion
  6967 | Lair:1   | Entered Level 1 of the Lair of Beasts
  6968 | Lair:1   | 6968 ||| PLANNING GAUNTLET
  7011 | Lair:1   | Reached skill level 11 in Axes
  7036 | Lair:1   | 7036 ||| Stepping ~*~*~tactically~*~*~ (stealth).
  7054 | Lair:1   | 7054 ||| Stepping ~*~*~tactically~*~*~ (stealth).
  7056 | Lair:1   | 7056 ||| Stepping ~*~*~tactically~*~*~ (stealth).
  7060 | Lair:1   | 7060 ||| INVOKING Heroism.
  7071 | Lair:1   | Reached skill level 6 in Armour
  7076 | Lair:1   | Reached *** piety under Okawaru
  7095 | Lair:1   | 7095 ||| INVOKING Heroism.
  7096 | Lair:1   | 7096 ||| Stepping ~*~*~tactically~*~*~ (stealth).
  7109 | Lair:1   | Reached skill level 3 in Dodging
  7113 | Lair:1   | Reached XP level 11. HP: 68/68 MP: 14/14
  7144 | Lair:1   | 7144 ||| INVOKING Heroism.
  7149 | Lair:1   | Reached skill level 9 in Fighting
  7179 | Lair:1   | Found a gate leading to a gauntlet.
  7180 | Lair:1   | 7180 ||| DROPPING ring of magical power.
  7187 | Gauntlet | Entered a Gauntlet
  7187 | Gauntlet | Found a transporter.
  7187 | Gauntlet | Found a transporter.
  7192 | Gauntlet | Found a transporter.
  7207 | Gauntlet | Found a transporter.
  7225 | Gauntlet | Found a transporter.
  7234 | Gauntlet | Found a transporter.
  7236 | Gauntlet | Noticed a glowing orange brain
  7238 | Gauntlet | Noticed a dire elephant
  7250 | Gauntlet | Found a transporter.
  7268 | Gauntlet | Noticed a brown ugly thing
  7269 | Gauntlet | Noticed a purple ugly thing
  7322 | Gauntlet | Found a transporter.
  7337 | Gauntlet | Found a transporter.
  7351 | Gauntlet | Found a transporter.
  7365 | Gauntlet | Found a transporter.
  7371 | Gauntlet | Noticed a reaper
  7430 | Gauntlet | Noticed a quicksilver ooze
  7456 | Gauntlet | Found a transporter.
  7460 | Gauntlet | Found a transporter.
  7471 | Gauntlet | Found a transporter.
  7482 | Gauntlet | Found a transporter.
  7484 | Gauntlet | Found a transporter.
  7518 | Gauntlet | 7518 ||| INVOKING Heroism.
  7572 | Gauntlet | 7572 ||| INVOKING Heroism.
  7581 | Gauntlet | Paralysed by you for 2 turns
  7631 | Gauntlet | Identified the amulet "Hihusm" {Spirit rElec Int+4}
  7633 | Gauntlet | 7633 ||| DROPPING amulet "Hihusm" {Spirit rElec Int+4}.
  7656 | Gauntlet | 7656 ||| INVOKING Heroism.
  7679 | Gauntlet | HP: 13/71 [dire elephant (9)]
  7680 | Gauntlet | 7680 ||| DRINKING 2 potions of heal wounds.
  7681 | Gauntlet | 7681 ||| INVOKING Heroism.
  7684 | Gauntlet | Killed a dire elephant
  7685 | Gauntlet | Reached skill level 12 in Axes
  7726 | Gauntlet | Identified the ring of Looti {rF+ rC+ Will+}
  7735 | Gauntlet | 7735 ||| UPGRADING to ring of Looti {rF+ rC+ Will+}.
  7736 | Gauntlet | 7736 ||| UPGRADING to ring of see invisible.
  7792 | Gauntlet | Noticed a minotaur
  7793 | Gauntlet | 7793 ||| Stepping ~*~*~tactically~*~*~ (hiding).
  7798 | Gauntlet | 7798 ||| INVOKING Heroism.
  7804 | Gauntlet | HP: 17/71 [minotaur (13)]
  7805 | Gauntlet | 7805 ||| DRINKING potion of heal wounds.
  7809 | Gauntlet | HP: 2/71 [minotaur (8)]
  7809 | Gauntlet | Slain by a minotaur

Levels and vault maps discovered:
D:1:      dpeg_arrival_lava_altar, layout_basic,
          shapermc_ecumenical_altar_rom_forum, feat_on_display
D:2:      layout_basic, uniq_sigmund, uniq_terence
D:3:      layout_rooms, mainiacjoe_overflow_brackets, uniq_crazy_yiuf_cottage,
          uniq_grinder
D:4:      minmay_evil_eye, layout_loops_corners, kennysheep_mini
D:5:      layout_basic, nicolae_ru_sacrificial_ziggurat,
          nicolae_ossuary_entry_giza, chequers_serial_rivers_micro_e
D:6:      layout_rooms, chequers_temple_overflow_statue_of_worship,
          temple_pool_b, serial_shops, shop, uniq_blork_the_orc
D:7:      layout_basic, serial_shops, shop, minmay_misc_feat_diagonals,
          uniq_menkaure
D:8:      layout_gridville, marbit_many_paths, ebering_ghost_xom
D:9:      layout_loops_cross, palyth_temple_overflow_mages,
          mainiacjoe_overflow_alcove_2, erik_lair_orcish_takeover
Temple:   nicolae_temple_ecumenical_triangle
Lair:1:   layout_cave_pods, ebering_ghost_reflecting_pool,
          gauntlet_entry_generic, grunt_megastairs_5
Gauntlet: gammafunk_gauntlet_branching [gammafunk_gauntlet_arena_grid,
          gammafunk_gauntlet_arena_crates, gammafunk_gauntlet_arena_open,
          gammafunk_gauntlet_arena_mazey, nicolae_gauntlet_arena_flowing_pool,
          gammafunk_gauntlet_arena_arrow_garden,
          gammafunk_gauntlet_arena_chambers,
          gammafunk_gauntlet_arena_split_diamond,
          dreamdust_gauntlet_exit_labyrinth]

Skill      XL: |  1  2  3  4  5  6  7  8  9 10 11 |
---------------+----------------------------------+-----
Axes           | 2 3 5 7 9 10 11 12 | 12.0
Dodging        | 1 2 3 |  3.3
Fighting       | 5 6 7 8 9 |  9.2
Armour         | 5 7 |  7.0
Shields        | 4 5 |  5.0
Invocations    | 1 4 |  4.0
Throwing       | 1 |  1.1

Action                     |  1- 3 |  4- 6 |  7- 9 | 10-12 || total
---------------------------+-------+-------+-------+-------++-------
  Melee: War axe           |   125 |    62 |   380 |   221 ||   788
         Unarmed           |       |       |       |     2 ||     2
  Throw: Boomerang         |       |       |     7 |    33 ||    40
 Invoke: Heroism           |       |       |     6 |    12 ||    18
    Use: Scroll            |     2 |     4 |    15 |     1 ||    22
         Potion            |       |     2 |       |     2 ||     4
 Armour: Scale mail        |    49 |    16 |   117 |       ||   182
         Chain mail        |       |       |   100 |   135 ||   235
         Skin              |       |       |       |     1 ||     1
  Dodge: Dodged            |    59 |    18 |   162 |    99 ||   338
  Block: Buckler           |    26 |     9 |    94 |    46 ||   175

Table legend:
 A = Non-vault XP
 B = Vault XP
 C = Vault XP percentage of total XP
 D = Non-vault monster count
 E = Vault monster count
 F = Vault count percentage of total count
                 A         B        C        D         E       F
            +---------+---------+-------+---------+---------+-------
      Total |    7582 |    5612 |  42.5 |     181 |      34 |  15.8
            +---------+---------+-------+---------+---------+-------
        D:1 |      60 |       0 |   0.0 |      36 |       0 |   0.0
        D:2 |      36 |     246 |  87.2 |      15 |       2 |  11.8
        D:3 |      46 |     281 |  85.9 |      11 |       1 |   8.3
        D:4 |      87 |      47 |  35.1 |      13 |       2 |  13.3
        D:5 |     655 |      20 |   3.0 |      16 |       3 |  15.8
        D:6 |     821 |      94 |  10.3 |      25 |       1 |   3.8
        D:7 |     886 |     169 |  16.0 |      18 |       1 |   5.3
        D:8 |     547 |     129 |  19.1 |      18 |       1 |   5.3
        D:9 |    2411 |     683 |  22.1 |      21 |      11 |  34.4
     Lair:1 |    2033 |    1172 |  36.6 |       8 |       6 |  42.9
   Gauntlet |       0 |    2771 | 100.0 |       0 |       6 | 100.0
            +---------+---------+-------+---------+---------+-------
